 Dungeon Crawl Stone Soup version 0.31-a0-188-g5e087ee2ca (webtiles) character file.

Game seed: 7129322070471343106

189 qw the Skirmisher (level 5, 0/29 HPs)
             Began as a Deep Elf Hunter on June 23, 2023.
             Was an Initiate of Okawaru.
             Succumbed to a scorpion's poison
             ... while paralysed by Ijyb
             ... on level 4 of the Dungeon.
             The game lasted 00:01:03 (2831 turns).

qw the Skirmisher (Deep Elf Hunter)                 Turns: 2831, Time: 00:01:04

Health: 0/29       AC:  8    Str: 10    XL:     5   Next: 40%
Magic:  6/7        EV:  2    Int: 14    God:    Okawaru [......]
Gold:   83         SH:  0    Dex: 18    Spells: 4/4 levels left

rFire   + . .        Y - +0 shortbow
rCold   . . .        (shield currently unavailable)
rNeg    . . .        b - +0 scale mail
rPois   .            (no helmet)
rElec   .            (no cloak)
rCorr   .            i - +1 pair of gloves
SInv    .            (no boots)
Will    .....        k - amulet of regeneration
Stlth   +            h - ring of protection from fire
HPRegen 1.04/turn    (no ring)
MPRegen 0.10/turn

%: no passive effects
@: paralysed, lethally poisoned (0 -> -2)
A: no striking features
a: Renounce Religion


You were on level 4 of the Dungeon.
You worshipped Okawaru.
Okawaru was noncommittal.
You visited 2 branches of the dungeon, and saw 5 of its levels.

You collected 149 gold pieces.
You spent 66 gold pieces at shops.


   Skills:
 - Level 1.5 Fighting
 + Level 8.9 Ranged Weapons
 - Level 2.4 Dodging
 - Level 1.2 Stealth


You had 4 spell levels left.
You didn't know any spells.
Your spell library was empty.

Inventory:

Hand Weapons
 Y - a +0 shortbow (weapon)
Armour
 a - the +0 pair of gloves of Orthodoxy {rC- Str+7}
   (You acquired it on level 3 of the Dungeon)

   Str:       It affects your strength (+7).
   rC:        It makes you vulnerable to cold.
 b - a +0 scale mail (worn)
 i - a +1 pair of gloves (worn)
Jewellery
 h - a ring of protection from fire (left hand)
 k - an amulet of regeneration (around neck)
Scrolls
 c - 2 scrolls of identify
Potions
 d - a potion of might {unknown}
 e - a potion of enlightenment
 f - a potion of haste {unknown}
 g - 2 potions of curing

Dungeon Overview and Level Annotations

Branches:
Dungeon (4/15)             Temple (1/1) D:4

Altars:
Ashenzari
Cheibriados
Dithmenos
Elyvilon
Fedhas
Gozag
Hepliaklqana
Kikubaaqudgha
Makhleb
Nemelex Xobeh
Okawaru
Qazlal
Ru
Sif Muna
Trog
Uskayaw
Vehumet
Wu Jian
Xom
Yredelemnul
Zin
The Shining One

Shops:
D:3 !

Annotations:
D:4 Ijyb


Message History

The scorpion stings you but does no damage.
You have reached level 5!
2821 ||| INVOKING Heroism.
You gain the combat prowess of a mighty hero.
You can no longer gain great but temporary skills.
The scorpion stings you but does no damage.
You shoot an arrow.
The arrow hits the scorpion but does no damage.
The scorpion stings you.
Ijyb zaps a wand.
You suddenly lose the ability to move!
The scorpion stings you.
Ijyb zaps a wand.
You resist with some effort.
The scorpion stings you but does no damage.
You can move again.
You shoot an arrow.
The arrow completely misses the scorpion.
The scorpion stings you but does no damage.
The scorpion closely misses you.
You shoot an arrow.
The arrow hits the scorpion but does no damage.
The scorpion stings you.
You are poisoned.
The scorpion poisons you! Ijyb hits you with a +0 club.
You shoot an arrow. The arrow closely misses the scorpion.
You feel very sick.
The scorpion stings you but does no damage.
Ijyb misses you.
You shoot an arrow. The arrow hits the scorpion.
The scorpion is moderately wounded.
You feel very sick.
The scorpion stings you but does no damage.
Ijyb zaps a wand.
You resist with some effort.
You shoot an arrow. The arrow barely misses the scorpion.
You feel sick. The scorpion barely misses you.
You shoot an arrow. The arrow barely misses the scorpion.
You feel sick.
Ijyb screams, "No!
No, no, no, no!"
Ijyb zaps a wand.
You suddenly lose the ability to move!
The scorpion stings you but does no damage.
You feel like a meek peon again.
You die...

#............
##.............. .....
................! ....#
................##....#
.........#......#.....
........# ..........#
........# ..##.....##
#....#..###.#....s..##
#....#......#.%g@....#
...###......#..#.#.###
...)####......#### #
..### ##.....# .##
#.....# ## ##.¤g.# #
#.¤..# # ###.## . ###


You could see Ijyb and a scorpion.

Vanquished Creatures
  A phantom (D:4)
  A hound (D:4)
  A worm (D:2)
  3 dart slugs
  2 orcs (D:3)
  6 endoplasms
  4 giant cockroaches
  8 goblins
  6 hobgoblins
  5 jackals
  11 kobolds
  3 quokkas (D:1)
  3 ball pythons
  4 bats
  2 frilled lizards (D:1)
  8 rats
68 creatures vanquished.

Notes
Turn   | Place    | Note
-------+----------+-------------------------------------------
     0 | D:1      | qw the Deep Elf Hunter began the quest for the Orb.
     0 | D:1      | Reached XP level 1. HP: 12/12 MP: 3/3
     0 | D:1      | 0 ||| qw: Version: 0.3-a-9-g12657ce
     0 | D:1      | 0 ||| qw: Game counter: 3747
     0 | D:1      | 0 ||| qw: Always use a shield: true
     0 | D:1      | 0 ||| qw: God list: Okawaru
     0 | D:1      | 0 ||| qw: Allow faded altars: false
     0 | D:1      | 0 ||| qw: Do Orc after D:15 true
     0 | D:1      | 0 ||| qw: Do second Lair branch before Depths: true
     0 | D:1      | 0 ||| qw: Lair rune preference: random
     0 | D:1      | 0 ||| qw: Plans: Normal
     0 | D:1      | 0 ||| PLANNING D:1-11
    69 | D:1      | Reached skill level 6 in Ranged Weapons
    69 | D:1      | Reached XP level 2. HP: 16/16 MP: 4/4
   373 | D:1      | Reached XP level 3. HP: 20/20 MP: 5/5
   663 | D:1      | 663 ||| READING scroll labelled APIOFI VIXERE.
   664 | D:1      | 664 ||| READING scroll labelled LOGGIEPAUD.
   665 | D:1      | 665 ||| DROPPING scroll of butterflies.
   708 | D:2      | Found a faded altar of an unknown god.
   794 | D:2      | 794 ||| FLEEEEING.
   816 | D:2      | Reached skill level 7 in Ranged Weapons
  1087 | D:2      | Found a shadowy altar of Dithmenos.
  1370 | D:2      | 1370 ||| UPGRADING to +0 scale mail.
  1380 | D:2      | 1380 ||| DROPPING +0 leather armour.
  1381 | D:2      | 1381 ||| UPGRADING to amulet of the acrobat.
  1496 | D:3      | Found a shadowy altar of Dithmenos.
  1509 | D:3      | Reached XP level 4. HP: 25/25 MP: 6/6
  1572 | D:3      | Found Citychuc's Distillery.
  1582 | D:3      | 1582 ||| BUYING 2 potions of curing (66 gold).
  1582 | D:3      | Bought 2 potions of curing for 66 gold pieces
  1582 | D:3      | 1582 ||| SHOPLISTING 2 potions of might (88 gold, have 21).
  1582 | D:3      | 1582 ||| SHOPLISTING potion of curing (33 gold, have 21).
  1582 | D:3      | 1582 ||| SHOPLISTING potion of haste (110 gold, have 21).
  1582 | D:3      | 1582 ||| SHOPLISTING potion of mutation (88 gold, have 21).
  1582 | D:3      | 1582 ||| SHOPLISTING potion of resistance (110 gold, have
                  | 21).
  1800 | D:3      | Found a shimmering altar of Xom.
  2122 | D:3      | 2122 ||| UPGRADING to +1 pair of gloves.
  2127 | D:3      | 2127 ||| UPGRADING to amulet of regeneration.
  2137 | D:3      | 2137 ||| DROPPING amulet of the acrobat.
  2138 | D:3      | 2138 ||| UPGRADING to ring of protection from fire.
  2139 | D:3      | 2139 ||| READING 3 scrolls labelled CIQIDETA ENGAE.
  2140 | D:3      | 2140 ||| READING scroll labelled AKLUIS LIUP.
  2140 | D:3      | Identified a scroll of acquirement
  2140 | D:3      | 2140 ||| ACQUIRING +0 pair of gloves of Orthodoxy {rC-
                  | Str+7}
  2140 | D:3      | Acquired the +0 pair of gloves of Orthodoxy {rC- Str+7}
  2142 | D:3      | 2142 ||| READING scroll labelled NIUPHU TAYW.
  2143 | D:3      | 2143 ||| READING 2 scrolls of identify.
  2143 | D:3      | 2143 ||| IDENTIFYING golden potion
  2212 | D:4      | Found a staircase to the Ecumenical Temple.
  2213 | D:4      | 2213 ||| PLANNING TEMPLE
  2222 | Temple   | Entered the Ecumenical Temple
  2470 | Temple   | 2470 ||| PLANNING OKAWARU WORSHIP
  2640 | Temple   | Became a worshipper of Warmaster Okawaru
  2641 | Temple   | 2641 ||| PLANNING D:1-11
  2798 | D:4      | Noticed Ijyb
  2799 | D:4      | Noticed a phantom
  2802 | D:4      | Reached skill level 8 in Ranged Weapons
  2803 | D:4      | Paralysed by Ijyb for 2 turns
  2814 | D:4      | HP: 5/25 [phantom (4)]
  2817 | D:4      | Noticed a scorpion
  2819 | D:4      | HP: 5/25 [phantom (4)]
  2820 | D:4      | Killed a phantom
  2820 | D:4      | Reached * piety under Okawaru
  2821 | D:4      | Reached XP level 5. HP: 7/29 MP: 7/7
  2821 | D:4      | 2821 ||| INVOKING Heroism.
  2822 | D:4      | Paralysed by Ijyb for 3 turns
  2826 | D:4      | HP: 6/29 [Ijyb/+0 club (3)]
  2828 | D:4      | HP: 2/29 [poisoned by a scorpion]
  2830 | D:4      | Paralysed by Ijyb for 4 turns
  2831 | D:4      | Succumbed to a scorpion's poison

Levels and vault maps discovered:
D:1:      erik_arrival_triangle_medium, layout_basic
D:2:      layout_basic, basic_altar, hellmonk_ecumenical_altar_lost_god
D:3:      layout_basic, nicolae_dithmenos_the_darkroom,
          mainiacjoe_overflow_alcove_4, serial_shops,
          nicolae_shop_industrial_runoff
D:4:      layout_cave_pools, minmay_temple_entry_wispy, uniq_ijyb
Temple:   mainiacjoe_temple_big_plus

Skill      XL: |  1  2  3  4 |
---------------+-------------+-----
Ranged Weapons | 6 7 8 |  8.9
Fighting       | |  1.5
Dodging        | |  2.4
Stealth        | |  1.2

Action                     |  1- 3 |  4- 6 || total
---------------------------+-------+-------++-------
   Fire: Shortbow          |   153 |    59 ||   212
 Invoke: Heroism           |       |     1 ||     1
    Use: Scroll            |     2 |     4 ||     6
 Armour: Leather armour    |     4 |       ||     4
         Scale mail        |    10 |    19 ||    29
  Dodge: Dodged            |    18 |    18 ||    36

Table legend:
 A = Non-vault XP
 B = Vault XP
 C = Vault XP percentage of total XP
 D = Non-vault monster count
 E = Vault monster count
 F = Vault count percentage of total count
                 A         B        C        D         E       F
            +---------+---------+-------+---------+---------+-------
      Total |     271 |       0 |   0.0 |      68 |       0 |   0.0
            +---------+---------+-------+---------+---------+-------
        D:1 |      50 |       0 |   0.0 |      30 |       0 |   0.0
        D:2 |      38 |       0 |   0.0 |      18 |       0 |   0.0
        D:3 |      25 |       0 |   0.0 |      13 |       0 |   0.0
        D:4 |     158 |       0 |   0.0 |       7 |       0 |   0.0
            +---------+---------+-------+---------+---------+-------
